 Dungeon Crawl Stone Soup version bcrawl-1.39.1 (webtiles) character file.

Game seed: 15144696127781160769

12578494 Grijm the Archmage (level 27, -11/273 HPs)
             Began as a Green Draconian Reaver on Sept 29, 2023.
             Was the Champion of Vehumet.
             Killed from afar by a Shadow Fiend (53 damage)
             ... with a bolt of negative energy
             ... created by the effects of Hell
             ... on level 2 of Tartarus on Sept 30, 2023.
             The game lasted 06:49:06 (75900 turns).

Grijm the Archmage (Green Draconian Reaver)        Turns: 75900, Time: 06:49:07

Health: -11/273    AC: 23    Str: 19      XL:     27
Magic:  64/64      EV: 11    Int: 43      God:    Vehumet [******]
Gold:   3261       SH:  8    Dex:  9 (10) Spells: 6/80 levels left

rFire    + . .     GDR:     21% s - staff of earth
rCold    + + .     SeeInvis .   H - +4 buckler {reflect}
rNeg     . . .     Gourm    .   (armour unavailable)
rPois    +         Faith    .   g - +3 hat of Pondering {ponderous, MR+ MP+10 Int+5}
rElec    +         Spirit   .   m - +0 cloak of the Moon Troll {rC+ MR+ Str+3}
rCorr    .         Reflect  +   X - +1 pair of gloves "Utecebakk" {Regen+ Int+9 Dex-5}
MR       ++++.                  i - +0 pair of boots "Wedoets" {+Inv rC++ Int+4}
Stlth    +.........             Y - amulet of magic regeneration
HPRegen  0.00/turn              n - ring of Wariness {rF+ rC- Int+4 Dex+3}
MPRegen  0.95/turn              Z - ring of insulation

@: non-regenerating, diseased, hasted and slowed, studying Staves, silenced,
heavily drained, slow
A: breathe noxious fumes, unfitting armour, stinger 1, dopey 1, poison
resistance, cold-blooded, AC +13
}: 11/15 runes: decaying, serpentine, slimy, silver, icy, abyssal, demonic,
glowing, magical, fiery, dark
a: Breathe Noxious Fumes, Renounce Religion, Evoke Invisibility


You were on level 2 of Tartarus.
You worshipped Vehumet.
Vehumet was exalted by your worship.
You were not hungry.

You visited 14 branches of the dungeon, and saw 53 of its levels.
You visited Pandemonium 2 times, and saw 11 of its levels.
You visited the Abyss 3 times.
You visited 1 ziggurat, and saw 1 of its levels.
You also visited: Trove and Ice Cave.

You collected 10874 gold pieces.
You spent 7613 gold pieces at shops.

Inventory:

Hand Weapons
 a - the +2 hand axe of Discomfort {freeze, -Tele +Inv MP+9 Int+6}
   (You found it on level 2 of the Crypt)

   It has been specially enchanted to freeze those struck by it, increasing
   damage dealt by approximately one third against foes not resistant or
   susceptible to cold, and potentially slowing cold-blooded foes.
   It affects your intelligence (+6).
   It affects your magic capacity (+9).
   It lets you turn invisible.
   It prevents most forms of teleportation.
Armour
 g - the +3 hat of Pondering (worn) {ponderous, MR+ MP+10 Int+5}
   (You took it off Gastronok on level 1 of the Lair of Beasts)

   It affects your intelligence (+5).
   It affects your resistance to hostile enchantments.
   It affects your magic capacity (+10).
 i - the +0 pair of boots "Wedoets" (worn) {+Inv rC++ Int+4}
   (You found it on level 3 of the Swamp)

   It affects your intelligence (+4).
   It greatly protects you from cold.
   It lets you turn invisible.
 m - the +0 cloak of the Moon Troll (worn) {rC+ MR+ Str+3}
   (You acquired it on level 2 of the Lair of Beasts)

   It affects your strength (+3).
   It protects you from cold.
   It affects your resistance to hostile enchantments.
 H - a +4 buckler of reflection (worn)
 X - the +1 pair of gloves "Utecebakk" (worn) {Regen+ Int+9 Dex-5}
   (You found it on level 9 of the Dungeon)

   It affects your intelligence (+9).
   It affects your dexterity (-5).
   It increases your rate of regeneration.
Magical Staves
 d - an uncursed staff of air
 s - an uncursed staff of earth (weapon)
Jewellery
 h - the amulet "Yreav" {Gourm Int+8 SInv}
   (You took it off a deep elf demonologist on level 3 of the Elven Halls)

   [amulet of the gourmand]

   It allows you to eat raw meat even when not hungry.
   It affects your intelligence (+8).
   It lets you see invisible.
 n - the ring of Wariness (left hand) {rF+ rC- Int+4 Dex+3}
   (You found it on level 3 of the Elven Halls)

   [ring of protection from fire]

   It affects your intelligence (+4).
   It affects your dexterity (+3).
   It protects you from fire.
   It makes you vulnerable to cold.
 T - the ring of Finazasa {rN+ Dex+4}
   (You found it on level 12 of the Dungeon)

   [ring of dexterity]

   It affects your dexterity (+4).
   It protects you from negative energy.
 Y - an amulet of magic regeneration (around neck)
 Z - a ring of insulation (right hand)
Wands
 f - a wand of iceblast (23)
 v - a wand of digging (59)
 F - a wand of paralysis (30)
 G - a wand of scattershot (9)
 J - a wand of acid (17)
 N - a wand of charming (8)
Scrolls
 b - 9 scrolls of enchant armour
 c - 12 scrolls of immolation
 k - 9 scrolls of fog
 l - 3 scrolls of torment
 q - 6 scrolls of noise
 r - 8 scrolls of revelation
 A - 18 scrolls of teleportation
 B - a scroll of silence
 C - 6 scrolls of blinking
 M - 17 scrolls of fear
 O - 21 scrolls of remove curse
 R - a scroll of amnesia
Potions
 j - 10 potions of agility
 t - 8 potions of magic
 u - 4 potions of resistance
 w - 7 potions of invisibility
 x - 2 potions of flight
 y - 6 potions of haste
 D - 2 potions of cancellation
 E - 13 potions of heal wounds
 K - 8 potions of brilliance
 L - 9 potions of might
 Q - 15 potions of mutation
 S - 7 potions of ambrosia
 W - 10 potions of curing
Miscellaneous
 o - the horn of Geryon
 p - 3 phantom mirrors
 z - a phial of floods (inert)
 I - 9 boxes of beasts
 P - a fan of gales (1/2)
 U - a lamp of fire (inert)
 V - a lightning rod (inert)
Comestibles
 e - 41 rations {!d}


   Skills:
 O Level 27(24.7) Fighting
 - Level 6.0(5.2) Axes
   Level 4.5 Maces & Flails
 - Level 5.0(3.6) Dodging
 - Level 1.0(0.0) Stealth
 - Level 4.0(2.6) Shields
 O Level 27(24.7) Spellcasting
 - Level 17.0(15.1) Conjurations
 - Level 6.0(4.5) Charms
 - Level 13.0(11.3) Necromancy
 - Level 13.0(11.3) Transmutations
   Level 3.0(1.7) Fire Magic
 - Level 15.0(13.2) Ice Magic
 - Level 15.0(13.2) Air Magic
 O Level 27(24.7) Earth Magic
   Level 6.0(4.5) Poison Magic
 + Level 7.0(5.5) Evocations


You had 6 spell levels left.
You knew the following spells:

 Your Spells              Type           Power        Failure   Level  Hunger
a - Magic Dart            Conj           ####         0%          1    None
b - Lehudib's Crystal Sp  Conj/Erth      ########..   1%          8    None
c - Deflect Missiles      Chrm/Air       #######...   2%          6    None
d - Yara's Violent Unrav  Hex/Tmut       #######...   1%          4    None
e - Orb of Destruction    Conj           ########..   1%          7    None
f - Iron Shot             Conj/Erth      ########..   1%          6    None
g - Shatter               Erth           #########.   1%          9    None
h - Irradiate             Conj/Tmut      ########..   1%          5    None
i - Necromutation         Tmut/Necr      ########     38%         8    None
j - Throw Frost           Conj/Ice       ######       0%          2    None
q - Conjure Ball Lightni  Conj/Air       ########..   1%          6    None
w - Glaciate              Conj/Ice/Air   ########..   4%          8    None
x - Throw Icicle          Conj/Ice       ########     0%          4    None

Your spell library contained the following spells:

 Spells                   Type           Power        Failure   Level  Hunger
 Flame Tongue             Conj/Fire      #####        0%          1    None
 Sandblast                Erth           ######       0%          1    None
 Sting                    Conj/Pois      ####         0%          1    None
 Corpse Rot               Necr           N/A          0%          2    None
 Passwall                 Tmut/Erth      ########     0%          2    None
 Searing Ray              Conj           ########     0%          2    None
 Iskenderun's Mystic Bla  Conj           ########     0%          3    None
 Mephitic Cloud           Conj/Pois/Air  #######.     0%          3    None
 Stone Arrow              Conj/Erth      ######       0%          3    None
 Petrify                  Tmut/Erth      ########..   0%          4    None
 Lee's Rapid Deconstruct  Erth           #########.   0%          5    None
 Apportation              Tloc           ######       1%          1    None
 Corona                   Hex            ######.      1%          1    None
 Infusion                 Chrm           #######.     1%          1    None
 Slow                     Hex            ######..     1%          1    None
 Summon Butterflies       Summ           ######..     1%          1    None
 Ensorcelled Hibernation  Hex/Ice        ######       1%          2    None
 Flaming Arrows           Chrm/Fire      ######..     1%          2    None
 Poisonous Vapours        Pois/Air       ######       1%          2    None
 Beckoning                Tloc           ######....   1%          3    None
 Confuse                  Hex            ######..     1%          3    None
 Conjure Flame            Conj/Fire      #######.     1%          3    None
 Dazzling Orbs            Conj/Hex       #######      1%          3    None
 Ignite Poison            Fire/Tmut/Pois #######.     1%          3    None
 Inner Flame              Hex/Fire       N/A          1%          3    None
 Portal Projectile        Tloc           ######       1%          3    None
 Recall                   Summ/Tloc      N/A          1%          3    None
 Tukima's Dance           Hex            ######..     1%          3    None
 Fulminant Prism          Conj/Hex       #######...   1%          4    None
 Olgreb's Toxic Radiance  Pois           #######..    1%          4    None
 Sticky Flame             Conj/Fire      #######.     1%          4    None
 Tree Form                Hex/Tmut       N/A          1%          4    None
 Bolt of Magma            Conj/Fire/Erth ########..   1%          5    None
 Fireball                 Conj/Fire      #######...   1%          5    None
 Freezing Cloud           Ice/Air        ########     1%          5    None
 Iskenderun's Battlesphe  Conj/Chrm      #######.     1%          5    None
 Metabolic Englaciation   Hex/Ice        #######...   1%          5    None
 Silence                  Hex/Air        #######...   1%          5    None
 Summon Lightning Spire   Summ/Air       #######.     1%          5    None
 Venom Bolt               Conj/Pois      #######...   1%          5    None
 Bolt of Cold             Conj/Ice       ########..   1%          6    None
 Bolt of Fire             Conj/Fire      #######...   1%          6    None
 Borgnjor's Vile Clutch   Necr/Erth      ########..   1%          6    None
 Ozocubu's Refrigeration  Ice            ########..   1%          6    None
 Poison Arrow             Conj/Pois      #######...   1%          6    None
 Simulacrum               Ice/Necr       ########     1%          6    None
 Statue Form              Tmut/Erth      ########.    1%          6    None
 Summon Scorpions         Summ/Pois      ######..     2%          4    None
 Piercing Shot            Chrm           #######...   2%          5    None
 Steam Barrier            Chrm/Fire      ######....   4%          5    None
 Cause Fear               Hex            ######....   7%          4    None
 Force Lance              Tloc           ######..     7%          4    None
 Infestation              Hex/Tmut/Pois  #######..    12%         6    None
 Summon Demon             Summ           ######....   19%         5    None
 Summon Forest            Summ/Tloc      ######....   19%         5    None
 Summon Mana Viper        Hex/Summ       ######..     19%         5    None
 Aura of Abjuration       Summ           ######....   71%         6    None
 Darkness                 Hex            ######....   71%         6    None
 Dispersal                Tloc           ######....   71%         6    None
 Summon Hydra             Summ           ######....   71%         6    None
 Dragon Form              Tmut           #######      5%          7    None
 Spellforged Servitor     Conj/Summ      #######...   26%         7    None
 Haunt                    Necr/Summ      #######...   50%         7    None
 Controlled Blink         Tloc           ######..     99%         7    None
 Malign Gateway           Summ/Tloc      ######....   99%         7    None
 Monstrous Menagerie      Summ           ######....   99%         7    None
 Shadow Creatures         Summ           N/A          99%         7    None
 Summon Greater Demon     Summ           ######....   99%         7    None
 Ignition                 Fire           ######....   99%         8    None
 Summon Horrible Things   Summ           ######....   100%        8    None
 Time Stop                Chrm/Tloc      N/A          100%        8    None


Dungeon Overview and Level Annotations

Branches:
Dungeon (12/12)            Temple (0/1) D:7            Lair (6/6) D:7
  Swamp (3/3) Lair:4        Snake (3/3) Lair:2        Slime (5/5) Orc
    Orc (1/1) D:9             Elf (3/3) Lair:5       Vaults (3/3) D:12
  Crypt (2/2) Vaults:1       Tomb (0/3) Crypt:2      Depths (5/5) D:12
   Hell (1/1)                 Dis (0/2) Hell            Geh (0/2) Hell
    Coc (2/2) Hell            Tar (2/2) Hell            Zot (5/5) Depths:5

Altars:
Elyvilon
Kikubaaqudgha
Lugonu
Nemelex Xobeh
Ru
Sif Muna
Wu Jian
Xom
Yredelemnul
Jiyva

Shops:
D:4 (   D:10 *   Orc (=[=   Elf:2 *   Elf:3 }=}%   Vaults:1 %
Vaults:3 [=!!!?%%?}!?!

Portals:
Hell: Depths:1 Depths:2 Depths:3 Depths:4 Depths:5
Abyss: Lair:6 Depths:1 Depths:4
Pandemonium: Depths:3 Depths:4 Depths:5

Annotations:
D:10 exclusion: orange crystal statue
Tar:2 Ereshkigal


Innate Abilities, Weirdness & Mutations

You can breathe blasts of noxious fumes.
Your lurid green scales are hard. (AC +13)
You cannot fit into any form of body armour.
Your tail ends in a poisonous barb.
Your system is resistant to poisons. (rPois)
You are cold-blooded and may be slowed by cold attacks.
You are dopey. (Int -2)


Message History

You feel as though you will be slow longer.
You block the Shadow Fiend's attack.
You feel yourself speed up. You block the ghoul's attack. The ghoul claws you!
* * * LOW HITPOINT WARNING * * *
The ghoul claws you!
* * * LOW HITPOINT WARNING * * *
The ghoul claws you.
* * * LOW HITPOINT WARNING * * *
You block the Shadow Fiend's attack. The Shadow Fiend bites you!!
* * * LOW HITPOINT WARNING * * *
You feel ill.
You feel your flesh rotting away!
Okay, then.
Press: ? - help, v - describe, . - travel
Here: a Shadow Fiend (silenced, moderately wounded)
You feel much better. The ghoul claws you but does no damage.
The ghoul claws you!
* * * LOW HITPOINT WARNING * * *
The Shadow Fiend gestures at you.
You feel drained. The bolt of negative energy hits you!!!
You die...

...#.#,.*,,**,,,,,,**,,*,,#.##
...#.##.#*,,***,,***,,**,##.##
...#..#,.##,,,****,,,**,,#...#
...#..##..###,,,,,,***,,##.#+#
.....).##...#*******,,,##..#,*
,##..#....#,,,,**,,,,###..##,*
#'..$.Wn.1####,,,,####...##,,*
.|#.$$...n{22######VVVV###,,,*
):..$$$$####1n&n@1EZ####,,,,,*
...###### ########## *******
#.# ▓▓


You could see Ereshkigal, 2 ghouls, 3 Shadow Fiends, 3 jiangshi, a vampire mage,
a spectral quicksilver dragon, a water elemental, a hellion, a tormentor and a
necrophage.

Vanquished Creatures
  Cerebov (Pan)
  Antaeus (Coc:2)
  the Royal Jelly (Slime:5)
  Gloorx Vloq (Pan)
  Lom Lobon (Pan)
  Mnoleg (Pan)
  9 orbs of fire
  3 ancient liches
  Mara (Depths:4)
  Xtahua (Depths:4)
  Sojobo (Depths:5)
  4 Killer Klowns
  2 pandemonium lords (Pan)
  Boris (thrice) (Crypt:2 Depths:2 Depths:3)
  the Lernaean hydra (Swamp:3)
  Bai Suzhen (Swamp:2)
  12 golden dragons
  Saint Roka (Elf:3)
  Gastronok (Lair:1)
  6 curse toes
  8 rockslimes
  Geryon (Hell)
  2 bone dragons
  Nikola (Swamp:1)
  2 Orb Demons (Zot:1)
  5 Brimstone Fiends (Pan)
  2 electric golems (Zot:5)
  3 Shadow Fiends
  A doom hound (Tar:2)
  2 hellephants (Abyss:3)
  Frances (Elf:1)
  Jorgrun (Elf:2)
  7 Ice Fiends (Coc:2)
  Rupert (Lair:3)
  6 wendigos
  5 Hell Sentinels (Pan)
  26 tentacled monstrosities
  25 Orb Guardians (Zot:5)
  5 titans
  2 deep elf blademasters (Elf:3)
  2 deep elf master archers (Elf:3)
  2 quicksilver dragons
  22 acid blobs
  4 liches
  7 tentacled starspawn
  8 ancient champions
  20 Executioners
  20 ghouls
  8 death cobs
  5 draconian monks
  2 sphinxes (Vaults:3)
  19 storm dragons
  10 shadow dragons
  Agnes (Elf:2)
  2 thorn hunters (Swamp:3)
  23 balrugs
  Donald (Elf:3)
  10 nagarajas
  6 tengu reavers
  A revenant (Crypt:2)
  Roxanne (Elf:1)
  8 blood saints (Pan)
  13 azure jellies
  16 frost giants
  8 deep elf sorcerers
  8 draconian knights
  A corrupter (Pan)
  Louise (Swamp:1)
  8 fire giants
  4 war gargoyles
  An orc warlord (Vaults:2)
  3 ghost moths
  22 cacodemons
  2 draconian stormcallers (Zot:1)
  3 curse skulls
  15 vault wardens
  3 deep elf elementalists
  3 warmongers (Pan)
  4 draconian shifters
  2 eyes of devastation (Zot:3)
  6 draconian scorchers
  10 spriggan defenders
  13 very ugly things
  9 jiangshi
  26 reapers
  14 ironheart preservers
  10 draconian annihilators
  22 stone giants
  20 starcursed masses
  An ophan (Abyss:3)
  The ghost of Foic the Eclecticist, a journeyman AvCj of Vehumet (Swamp:3)
  6 vampire knights
  4 deep elf demonologists
  4 black suns (Pan)
  8 green draconians
  13 purple draconians
  9 deep elf annihilators
  15 red draconians
  12 yellow draconians
  6 lorocyprocas
  8 deep elf death magi
  17 white draconians
  4 entropy weavers
  25 blizzard demons
  11 black draconians
  6 spark wasps
  10 dire elephants
  15 ettins
  Snorg (D:12)
  A spectral quicksilver dragon (Tar:1)
  A merfolk impaler (Depths:1)
  7 fire dragons
  12 green deaths
  An eidolon (Crypt:2)
  2 mummy priests (Crypt:2)
  A deep elf high priest (Elf:3)
  2 crystal guardians (Vaults:3)
  A quicksilver dragon zombie (Crypt:1)
  Urug (D:12)
  3 monstrous demonspawn (Pan)
  12 rakshasas
  16 ice dragons
  3 quicksilver dragon skeletons (Pan)
  24 vault guards (Vaults:3)
  A hell beast (Depths:3)
  3 shambling mangroves
  18 yaktaur captains
  Erolcha (D:10)
  10 spriggan air magi
  8 naga warriors
  22 hydras
  14 shadow wraiths
  2 juggernaut simulacra (Pan)
  12 great orbs of eyes
  2 ghost crabs (Swamp:3)
  14 ogre magi
  7 anacondas
  5 death knights
  Erica (D:11)
  44 two-headed ogres
  3 ancient automatons
  5 alligators
  3 spectral stone giants
  11 death oozes (Slime:5)
  Sonja (Lair:2)
  A spectral fire giant (Tar:1)
  8 deep troll shamans
  A tengu warrior (D:12)
  24 dancing weapons
  13 hell hogs
  2 titan zombies
  45 sun demons
  13 deep troll earth magi
  6 vampire magi
  10 naga sharpshooters
  An ironheart beastmaster (Vaults:2)
  5 spriggan berserkers
  7 thrashing horrors
  30 deep trolls
  9 shock serpents
  A spectral dire elephant (Tar:1)
  A shock serpent (shapeshifter) (Depths:1)
  20 soul eaters
  13 deep elf knights
  9 wretched stars
  17 centaur warriors
  3 spatial maelstroms
  5 iron trolls
  A storm dragon zombie (Hell)
  2 goliath frogs
  A salamander mystic (Snake:3)
  28 hell knights
  A fire crab (shapeshifter) (D:12)
  42 skeletal warriors
  22 sixfirhies
  A death drake (Swamp:1)
  2 unseen horrors
  14 deep elf archers
  3 gelid demonspawn (Pan)
  8 shadow demons
  5 torturous demonspawn (Pan)
  8 flayed ghosts
  13 swamp dragons
  2 anaconda zombies
  A golden dragon zombie (Tar:2)
  A spectral hydra (Coc:2)
  4 infernal demonspawn (Pan)
  2 shadow dragon zombies
  An orc knight (D:12)
  A spriggan druid (Swamp:2)
  10 phantasmal warriors
  A wolf spider zombie (Tar:1)
  4 naga ritualists
  5 cyclopes
  5 necromancers
  19 wizards
  13 ironheart convokers
  2 kraken simulacra (Coc:2)
  3 anaconda skeletons (Hell)
  7 mana vipers
  2 wolf spiders
  9 shining eyes
  An oklob plant (Snake:1)
  A fire giant zombie (Crypt:1)
  An iron dragon zombie (Hell)
  A frost giant zombie (Crypt:2)
  2 spectral goliath frogs (Swamp:3)
  A spectral alligator (Swamp:3)
  A spectral ettin (Coc:2)
  A shadow dragon skeleton (Crypt:2)
  An orc sorcerer (Orc)
  38 ugly things
  49 deep elf magi
  30 moths of wrath
  A worldbinder (Abyss:3)
  A manticore (D:12)
  6 salamanders
  Joseph (D:7)
  10 ice statues
  2 molten gargoyles
  A rust devil (Depths:3)
  12 vault sentinels
  27 black mambas
  3 titan simulacra (Coc:2)
  An iron dragon skeleton (Pan)
  A guardian serpent (Abyss:3)
  3 torpor snails (Lair:6)
  2 will-o'-wisps
  2 frost giant skeletons
  48 smoke demons
  17 elephants
  16 naga magi
  29 orange demons
  4 storm dragon simulacra (Coc:2)
  A shock serpent skeleton (Crypt:1)
  2 hellions
  A jumping spider (Vaults:2)
  57 yaktaurs
  17 cane toads
  A dire elephant skeleton (Crypt:1)
  A kobold demonologist (D:8)
  7 demonic crawlers
  A rime drake (Lair:6)
  10 anaconda simulacra (Coc:2)
  2 tengu conjurers (D:10)
  3 spectral swamp worms (Tar:2)
  An emperor scorpion zombie (Tar:1)
  34 ice devils
  15 efreet
  14 freezing wraiths
  39 hellwings (Pan)
  6 komodo dragons
  17 flying skulls
  An eye of draining (Abyss:2)
  6 tormentors
  A spectral death drake (Swamp:3)
  A catoblepas skeleton (Crypt:1)
  A hydra zombie (Hell)
  9 ancient zymes
  2 spectral harpies
  A white draconian skeleton (Crypt:2)
  5 guardian mummies (Crypt:2)
  6 trolls
  A harpy zombie (Abyss:3)
  A green draconian skeleton (Crypt:1)
  22 red devils
  A meliai (shapeshifter) (Vaults:3)
  A shadow dragon simulacrum (Coc:2)
  9 tyrant leeches
  2 hydra skeletons (Hell)
  6 raiju
  A hornet (shapeshifter) (D:12)
  31 hornets
  21 blink frogs
  13 hippogriffs
  21 dream sheep
  3 polar bears
  2 alligator zombies
  98 slime creatures
  54 large abominations
  2 harpy skeletons
  A fire dragon zombie (Abyss:3)
  13 bog bodies
  Grum (Lair:5)
  A raiju (shapeshifter) (Lair:6)
  2 ettin zombies
  3 fire giant simulacra
  A spectral black mamba (Tar:1)
  An alligator skeleton (Pan)
  A hippogriff (shapeshifter) (D:10)
  24 water elementals
  3 air elementals
  2 spriggans (shapeshifter) (Depths:3)
  29 spriggans
  A wind drake zombie (Crypt:2)
  47 yaks
  5 shadows
  A fire dragon skeleton (Pan)
  A frost giant simulacrum (Abyss:3)
  A tarantella (shapeshifter) (Depths:3)
  2 stone giant simulacra (Coc:2)
  An ushabti (Crypt:2)
  27 ynoxinuls
  2 ettin skeletons
  17 wraiths
  2 wyverns
  12 fire elementals
  A human (shapeshifter) (Depths:2)
  A vampire (D:12)
  5 hungry ghosts
  5 basilisks
  A catoblepas simulacrum (Coc:2)
  A fire bat (Pan)
  2 ice dragon skeletons (Pan)
  5 golden eyes
  33 chaos spawn
  11 redbacks
  32 neqoxecs
  A spectral cane toad (Coc:2)
  2 wargs
  15 vampire mosquitoes
  13 spatial vortices
  27 nagas
  15 swamp worms
  26 small abominations
  7 crocodiles
  A jumping spider zombie (Crypt:2)
  3 cane toad zombies
  An acid dragon (D:12)
  16 water moccasins
  4 hydra simulacra
  6 floating eyes
  13 hell hounds
  An infernal demonspawn skeleton (Crypt:1)
  9 porcupines
  18 orc warriors
  15 swamp drakes
  A soldier ant (shapeshifter) (D:12)
  16 ice beasts
  A fire dragon simulacrum (Coc:1)
  An alligator simulacrum (Swamp:3)
  A cane toad skeleton (Crypt:1)
  3 sky beasts
  2 black bears
  2 ice dragon simulacra
  4 phantoms
  7 necrophages
  21 boggarts
  A hornet zombie (D:11)
  30 ogres
  17 wolves
  2 snapping turtle skeletons
  A tyrant leech simulacrum (Swamp:3)
  A hippogriff zombie (Crypt:2)
  10 bullfrogs
  A rime drake skeleton (D:10)
  A gnoll sergeant (D:9)
  A kobold brigand (D:10)
  4 earth elementals
  4 cane toad simulacra
  2 elf skeletons
  5 centaurs
  A hornet simulacrum (D:11)
  5 scorpions
  2 swamp dragon simulacra
  A troll zombie (Crypt:2)
  A snapping turtle simulacrum (Coc:2)
  17 killer bees
  5 wights
  8 howler monkeys
  8 electric eels
  9 orc priests
  13 crimson imps
  A bullfrog zombie (D:5)
  4 human zombies (Crypt:1)
  18 jellies
  9 quasits
  2 draconian simulacra (IceCv)
  13 hounds
  2 iron imps
  A gnoll shaman (D:8)
  2 iguanas (D:12)
  8 hell rats
  2 human skeletons (Crypt:1)
  18 orc wizards
  A spectral swamp drake (Swamp:3)
  A porcupine skeleton (Crypt:1)
  2 spriggan simulacra
  14 worker ants
  A troll simulacrum (IceCv)
  2 crocodile zombies (Crypt:2)
  An ogre skeleton (Crypt:1)
  A hound skeleton (D:6)
  14 mummies
  A worker ant zombie (D:5)
  11 gnolls
  12 adders
  3 ogre simulacra (IceCv)
  A centaur skeleton (Pan)
  4 shadow imps
  9 white imps
  3 ufetubi
  3 centaur simulacra (IceCv)
  An ooze (D:3)
  An adder skeleton (D:7)
  3 worms
  A worm (shapeshifter) (Vaults:2)
  2 leopard geckos
  56 orcs
  4 bats
  4 giant cockroaches
  4 goblins
  9 hobgoblins
  9 jackals
  13 kobolds
  10 quokkas
  3 ball pythons
  8 frilled lizards
  A goblin skeleton (Crypt:2)
  A jackal zombie (D:3)
  2 orc zombies (Crypt:1)
  4 rats
  A river rat skeleton (Crypt:1)
  10 ball lightnings
  23 blocks of ice
  A fire vortex (Pan)
  2 lurking horrors (Abyss:2)
  21 plants
  9 starspawn tentacles
3456 creatures vanquished.

Vanquished Creatures (collateral kills)
  A naga sharpshooter (Snake:3)
  2 naga magi (Snake:3)
  A naga (Snake:3)
  4 ball lightnings
8 creatures vanquished.

Vanquished Creatures (others)
  2 eldritch tentacles (Pan)
  A cacodemon (Pan)
  A frost giant (Coc:2)
  A stone giant (Depths:5)
  2 deep elf elementalists (Elf:3)
  A deep elf demonologist (Elf:3)
  3 deep elf annihilators (Elf:3)
  2 deep elf death magi (Elf:3)
  2 yaktaur captains
  A centaur warrior (D:11)
  A deep elf mage (Elf:2)
  1345 ball lightnings
  694 blocks of ice
  2 bushes (Lair:3)
  2 fire vortices (Pan)
  10 fungi
  13 plants
  3 starspawn tentacles (Abyss:3)
2086 creatures vanquished.

Grand Total: 5550 creatures vanquished

Notes
Turn   | Place    | Note
-------+----------+-------------------------------------------
     0 | D:1      | Grijm the Draconian Reaver began the quest for the Orb.
     0 | D:1      | Reached XP level 1. HP: 19/19 MP: 3/3
    27 | D:1      | Reached skill level 1 in Stealth
   110 | D:1      | Reached XP level 2. HP: 26/26 MP: 5/5
   255 | D:1      | Got a glittering amber ring
   911 | D:2      | Found a white marble altar of Elyvilon.
  1238 | D:2      | Reached XP level 3. HP: 33/33 MP: 6/6
  1902 | D:3      | Reached XP level 4. HP: 40/40 MP: 7/7
  1934 | D:3      | Reached * piety under Vehumet
  1934 | D:3      | Offered knowledge of Sting by Vehumet.
  2046 | D:3      | Learned a level 1 spell: Sting
  2358 | D:3      | Reached skill level 5 in Axes
  2370 | D:3      | Found a shimmering blue altar of Sif Muna.
  2485 | D:3      | Found a shimmering altar of Xom.
  2500 | D:3      | Reached XP level 5. HP: 41/46 MP: 6/8
  2757 | D:3      | Noticed a sky beast
  2824 | D:3      | Killed a sky beast
  2824 | D:3      | Reached ** piety under Vehumet
  2825 | D:3      | Reached skill level 1 in Conjurations
  2825 | D:3      | Reached XP level 6. HP: 44/52 MP: 9/9
  2826 | D:3      | Offered knowledge of Throw Frost by Vehumet.
  2851 | D:3      | Learned a level 2 spell: Throw Frost
  3209 | D:4      | Found a sacrificial altar of Ru.
  3888 | D:4      | Your scales start taking on a lurid green colour.
  3888 | D:4      | Reached XP level 7. HP: 58/59 MP: 2/11
  3888 | D:4      | Gained mutation: Your system is resistant to poisons.
                  | (rPois) [Green Draconian growth]
  4179 | D:4      | Found Buecvez's Weapon Emporium.
  4236 | D:5      | Entered Level 5 of the Dungeon
  4236 | D:5      | Noticed a hungry ghost
  4368 | D:5      | Reached skill level 1 in Poison Magic
  4434 | D:5      | Reached skill level 1 in Maces & Flails
  4609 | D:5      | Killed a hungry ghost
  4610 | D:5      | Reached XP level 8. HP: 62/66 MP: 11/14
  4714 | D:5      | Offered knowledge of Conjure Flame by Vehumet.
  4766 | D:5      | Learned a level 3 spell: Conjure Flame
  4849 | D:5      | Noticed a hippogriff
  4861 | D:5      | Killed a hippogriff
  4942 | D:4      | Learned a level 5 spell: Iskenderun's Battlesphere
  5757 | D:6      | Noticed a hippogriff
  5770 | D:6      | Killed a hippogriff
  5771 | D:6      | Reached skill level 5 in Evocations
  5771 | D:6      | Reached skill level 1 in Charms
  5776 | D:6      | Reached *** piety under Vehumet
  6014 | D:6      | Found a sparkling altar of Nemelex Xobeh.
  6203 | D:6      | Reached XP level 9. HP: 71/71 MP: 15/15
  6300 | D:6      | Noticed a cyan ugly thing
  6483 | D:6      | Killed a cyan ugly thing
  6484 | D:6      | Reached skill level 5 in Charms
  6554 | D:7      | Noticed Joseph
  6582 | D:7      | Killed Joseph
  6583 | D:7      | Reached skill level 5 in Conjurations
  6596 | D:6      | Offered knowledge of Sticky Flame by Vehumet.
  6812 | D:6      | Learned a level 4 spell: Sticky Flame
  6814 | D:7      | Noticed a troll
  6926 | D:7      | Reached skill level 5 in Spellcasting
  7227 | D:6      | Reached XP level 10. HP: 61/78 MP: 5/19
  7595 | D:7      | Reached **** piety under Vehumet
  7770 | D:7      | Found a staircase to the Lair.
  7777 | D:7      | Offered knowledge of Irradiate by Vehumet.
  7884 | D:7      | Learned a level 5 spell: Irradiate
  8037 | D:7      | Found a staircase to the Ecumenical Temple.
  8156 | D:7      | Reached skill level 1 in Transmutations
  8197 | Lair:1   | Entered Level 1 of the Lair of Beasts
  8230 | Lair:1   | Noticed Gastronok
  8265 | Lair:1   | Noticed a four-headed hydra
  8269 | Lair:1   | Killed Gastronok
  8270 | Lair:1   | Reached XP level 11. HP: 24/89 MP: 20/20
  8757 | Lair:1   | Killed a four-headed hydra
  9579 | Lair:2   | Found a staircase to the Snake Pit.
  9617 | Lair:2   | Reached skill level 10 in Fighting
  9988 | Lair:2   | Noticed Sonja
  9996 | Lair:2   | Killed Sonja
 10154 | Lair:2   | Noticed a four-headed hydra
 10159 | Lair:2   | Killed a four-headed hydra
 10513 | Lair:2   | Identified a scroll of acquirement
 10514 | Lair:2   | Identified the +4 broad axe "Zots" {protect, rF- Int+6}
                  | (You acquired it on level 2 of the Lair of Beasts)
 10514 | Lair:2   | Identified the +0 cloak of the Moon Troll {rC+ MR+ Str+3}
                  | (You acquired it on level 2 of the Lair of Beasts)
 10605 | Lair:2   | Reached XP level 12. HP: 59/106 MP: 19/24
 10722 | Lair:3   | Found a frozen archway.
 10831 | IceCv    | Entered an ice cave
 11161 | IceCv    | Reached ***** piety under Vehumet
 11235 | IceCv    | Offered knowledge of Venom Bolt by Vehumet.
 11268 | IceCv    | Learned a level 5 spell: Venom Bolt
 11676 | IceCv    | Reached skill level 10 in Spellcasting
 12124 | Lair:3   | Noticed Rupert
 12139 | Lair:3   | Killed Rupert
 12239 | Lair:3   | Reached skill level 10 in Conjurations
 12325 | Lair:3   | Reached skill level 5 in Poison Magic
 13339 | Lair:4   | Reached XP level 13. HP: 92/113 MP: 27/27
 13386 | Lair:4   | Reached skill level 5 in Dodging
 13533 | Lair:4   | Identified the ring of Moral Flaws {+Fly rC+} (You found it
                  | on level 1 of the Dungeon)
 14375 | Lair:4   | Found a staircase to the Swamp.
 14818 | Lair:5   | Offered knowledge of Throw Icicle by Vehumet.
 14826 | Lair:5   | Learned a level 4 spell: Throw Icicle
 14827 | Lair:5   | Noticed Grum
 14836 | Lair:5   | Killed Grum
 14893 | Lair:5   | Found a staircase to the Elven Halls.
 15754 | Lair:6   | Entered Level 6 of the Lair of Beasts
 16151 | Lair:6   | Learned a level 3 spell: Ignite Poison
 16397 | Lair:6   | Gained mutation: Your tail ends in a poisonous barb. [Green
                  | Draconian growth]
 16397 | Lair:6   | Reached XP level 14. HP: 101/121 MP: 30/30
 16799 | Lair:6   | Offered knowledge of Iron Shot by Vehumet.
 18498 | Lair:6   | Found a corrupted altar of Lugonu.
 18500 | Lair:6   | Found a one-way gate to the infinite horrors of the Abyss.
 19285 | D:8      | Learned a level 1 spell: Magic Dart
 19799 | D:9      | Offered knowledge of Orb of Destruction by Vehumet.
 19811 | D:9      | Reached skill level 15 in Conjurations
 19836 | D:9      | Found a staircase to the Orcish Mines.
 19962 | D:9      | Reached skill level 1 in Shields
 20084 | D:9      | Identified the Volume of Flight and Attacks
 20189 | D:9      | Got a pair of ichor-stained gloves
 20215 | D:9      | Identified the +1 pair of gloves "Utecebakk" {Regen+ Int+9
                  | Dex-5} (You found it on level 9 of the Dungeon)
 20522 | Orc      | Entered the Orcish Mines
 20858 | Orc      | Reached XP level 15. HP: 128/128 MP: 31/31
 21099 | Orc      | Found Dyogasel's Antique Armour Boutique.
 21099 | Orc      | Found Loicaobb's Antique Weapon Shoppe.
 21100 | Orc      | Found Nucipn's Jewellery Emporium.
 21100 | Orc      | Found Gitiugh's Jewellery Boutique.
 21240 | Orc      | Found a staircase to the Slime Pits.
 21242 | Orc      | Found a viscous altar of Jiyva.
 21630 | Orc      | Bought a shiny buckler for 187 gold pieces
 21677 | D:10     | Entered Level 10 of the Dungeon
 21706 | D:10     | Found Womin's Assorted Antiques.
 21724 | D:10     | Offered knowledge of Conjure Ball Lightning by Vehumet.
 21955 | D:10     | Learned a level 6 spell: Conjure Ball Lightning
 22359 | D:10     | Found a portal to a secret trove of treasure.
 22364 | D:10     | Killed Erolcha
 22788 | D:11     | Noticed Erica
 22792 | D:11     | Killed Erica
 22922 | D:11     | Noticed a fire giant
 22929 | D:11     | Killed a fire giant
 23513 | D:12     | Entered Level 12 of the Dungeon
 23544 | D:12     | Noticed Snorg
 23548 | D:12     | Killed Snorg
 23646 | D:12     | Got a warped tin ring
 23648 | D:12     | Identified the ring of Finazasa {rN+ Dex+4} (You found it
                  | on level 12 of the Dungeon)
 23783 | D:12     | Noticed Urug
 23791 | D:12     | Killed Urug
 23825 | D:12     | Noticed a fire giant
 23832 | D:12     | Killed a fire giant
 23857 | D:12     | Found a staircase to the Depths.
 24019 | D:12     | Found a gate to the Vaults.
 24174 | D:12     | Found a white marble altar of Elyvilon.
 24610 | Snake:1  | Entered Level 1 of the Snake Pit
 24760 | Snake:1  | Reached ****** piety under Vehumet
 25161 | Snake:1  | Offered knowledge of Poison Arrow by Vehumet.
 25292 | Snake:1  | Noticed a nagaraja
 25306 | Snake:1  | Killed a nagaraja
 25307 | Snake:1  | Reached XP level 16. HP: 87/139 MP: 33/33
 26571 | Snake:3  | Entered Level 3 of the Snake Pit
 27003 | Snake:3  | Offered knowledge of Mana Rupture by Vehumet.
 27109 | Snake:3  | Reached skill level 15 in Spellcasting
 27119 | Snake:3  | Reached skill level 1 in Air Magic
 27692 | Snake:3  | Reached skill level 5 in Air Magic
 27911 | Snake:3  | Identified the cursed +3 morningstar of Pestilence {flame,
                  | Int+4 Stlth+}
 28100 | Snake:3  | Reached XP level 17. HP: 142/150 MP: 36/36
 28242 | Snake:3  | Got a serpentine rune of Zot
 28516 | Swamp:1  | Entered Level 1 of the Swamp
 28629 | Swamp:1  | Offered knowledge of Lehudib's Crystal Spear by Vehumet.
 28629 | Swamp:1  | Offered knowledge of Glaciate by Vehumet.
 28629 | Swamp:1  | Offered knowledge of Chain Lightning by Vehumet.
 28639 | Swamp:1  | Learned a level 8 spell: Chain Lightning
 28869 | Swamp:1  | Noticed Nikola
 28879 | Swamp:1  | Killed Nikola
 28899 | Swamp:1  | Noticed Louise
 28905 | Swamp:1  | Killed Louise
 29589 | Swamp:2  | Noticed Bai Suzhen
 29615 | Swamp:2  | Learned a level 8 spell: Glaciate
 29644 | Swamp:2  | Killed Bai Suzhen
 29645 | Swamp:2  | Reached skill level 15 in Fighting
 30398 | Swamp:3  | Entered Level 3 of the Swamp
 30815 | Swamp:3  | Reached skill level 10 in Air Magic
 30815 | Swamp:3  | Reached skill level 1 in Ice Magic
 30854 | Swamp:3  | Found an ornate altar of the Wu Jian Council.
 31070 | Swamp:3  | Found a runed translucent gate.
 31070 | Swamp:3  | Found a runed translucent gate.
 31070 | Swamp:3  | Found a runed translucent gate.
 31077 | Swamp:3  | Noticed Foic's ghost (journeyman AvCj)
 31406 | Swamp:3  | Reached skill level 5 in Ice Magic
 31419 | Swamp:3  | Reached XP level 18. HP: 163/163 MP: 37/37
 31442 | Swamp:3  | Noticed the 27-headed Lernaean hydra
 31446 | Swamp:3  | Killed the 27-headed Lernaean hydra
 31609 | Swamp:3  | Got a decaying rune of Zot
 31792 | Swamp:3  | Killed Foic's ghost
 31826 | Swamp:3  | Identified the +0 pair of boots "Wedoets" {+Inv rC++ Int+4}
 32173 | Vaults:1 | Entered Level 1 of the Vaults
 32677 | Vaults:1 | Reached skill level 10 in Ice Magic
 33197 | Vaults:1 | Found Suofaere's Food Shop.
 33325 | Vaults:1 | Found a staircase to the Crypt.
 34441 | Vaults:2 | Reached XP level 19. HP: 153/170 MP: 38/38
 35995 | Crypt:1  | Entered Level 1 of the Crypt
 37152 | Crypt:1  | Found a basalt altar of Yredelemnul.
 37392 | Crypt:2  | Entered Level 2 of the Crypt
 37716 | Crypt:2  | Reached XP level 20. HP: 152/178 MP: 30/39
 37736 | Crypt:2  | Noticed Boris
 37750 | Crypt:2  | Killed Boris
 37839 | Crypt:2  | Noticed a bone dragon
 37848 | Crypt:2  | Killed a bone dragon
 38047 | Crypt:2  | Noticed a curse toe
 38053 | Crypt:2  | Killed a curse toe
 38054 | Crypt:2  | Reached skill level 15 in Ice Magic
 38054 | Crypt:2  | Reached skill level 15 in Air Magic
 38394 | Crypt:2  | Found an ancient bone altar of Kikubaaqudgha.
 38396 | Crypt:2  | Found a basalt altar of Yredelemnul.
 38451 | Crypt:2  | Identified the cursed +2 hand axe of Discomfort {freeze,
                  | -Tele +Inv MP+9 Int+6}
 38460 | Crypt:2  | Identified the amulet of Circularity {Spirit +Inv rF+
                  | Str+3}
 38540 | Crypt:2  | Found a staircase to the Tomb.
 39379 | Elf:1    | Entered Level 1 of the Elven Halls
 39622 | Elf:1    | Learned a level 6 spell: Deflect Missiles
 39711 | Elf:1    | Noticed Frances
 39718 | Elf:1    | Killed Frances
 39898 | Elf:1    | Identified the Grimoire of Arcane Weapons
 39989 | Elf:1    | Noticed Roxanne
 40017 | Elf:1    | Killed Roxanne
 40079 | Elf:1    | Learned a level 6 spell: Iron Shot
 40936 | Elf:2    | Noticed Agnes
 40939 | Elf:2    | Killed Agnes
 41551 | Elf:2    | Found Zupynwu's General Store.
 41559 | Elf:2    | Bought a potion of resistance for 130 gold pieces
 41559 | Elf:2    | Bought a ration for 65 gold pieces
 41559 | Elf:2    | Bought a scroll of amnesia for 45 gold pieces
 41559 | Elf:2    | Bought a box of beasts for 260 gold pieces
 41612 | Elf:2    | Found a runed door.
 41749 | Elf:2    | Found a runed door.
 41913 | Elf:2    | Noticed Jorgrun
 41918 | Elf:2    | Killed Jorgrun
 42591 | Elf:3    | Entered Level 3 of the Elven Halls
 42676 | Elf:3    | Reached XP level 21. HP: 180/180 MP: 42/42
 42977 | Elf:3    | Noticed Donald
 42988 | Elf:3    | Killed Donald
 43064 | Elf:3    | Identified the amulet "Yreav" {Gourm Int+8 SInv}
 43077 | Elf:3    | Identified the ring "Zyuf" {+Inv EV+3 Slay+2}
 43077 | Elf:3    | Noticed Saint Roka
 43091 | Elf:3    | Killed Saint Roka
 43246 | Elf:3    | Identified the amulet "Tiesupp" {Gourm rN++ Str+7}
 43389 | Elf:3    | Identified the ring of Wariness {rF+ rC- Int+4 Dex+3}
 43400 | Elf:3    | Identified the cursed amulet "Touxemic" {Inacc rPois Str+4
                  | Dex+4}
 43406 | Elf:3    | Identified the cursed +1 shortbow "Baneic" {velocity, rC-
                  | rN+ Dex+3}
 43407 | Elf:3    | Identified the +0 mace of Context {vamp, *Slow rElec rC+
                  | Int+3}
 43518 | Elf:3    | Identified the +5 trident of Fagah {chaos, +Fly rF+ rN+
                  | Dex-3}
 43753 | Elf:3    | Found Naacilug's Food Shoppe.
 43848 | Elf:3    | Found Viast's Gadget Shop.
 43849 | Elf:3    | Found Orchosem's Jewellery Shoppe.
 43850 | Elf:3    | Found Jimiwk's Gadget Shop.
 43856 | Elf:3    | Bought a wand of digging (9) for 300 gold pieces
 43860 | Elf:3    | Bought a box of beasts for 420 gold pieces
 43860 | Elf:3    | Bought a box of beasts for 420 gold pieces
 43860 | Elf:3    | Bought a wand of acid (4) for 210 gold pieces
 43860 | Elf:3    | Bought a wand of paralysis (9) for 210 gold pieces
 43860 | Elf:3    | Bought a wand of scattershot (2) for 189 gold pieces
 44464 | Depths:1 | Entered Level 1 of the Depths
 44669 | Depths:1 | Found a runed gate.
 44669 | Depths:1 | Found a runed gate.
 44669 | Depths:1 | Found a runed gate.
 44861 | D:10     | You paid a toll of a +6 demon trident to enter a treasure
                  | trove
 44862 | Trove    | Entered a treasure trove
 44866 | Trove    | Found the +4 dagger "Morg" {pain, MR+ Int+12 *Curse}
 44866 | Trove    | Identified the +8 quarterstaff "Miominko" {flame, +Rage
                  | Int+2}
 44870 | Trove    | Identified the +4 great mace of Courage {drain, Int+4}
 44877 | Trove    | Identified the +7 battleaxe "Rybla" {flame, rPois MR+}
 44883 | Trove    | Identified the cursed +1 glaive of Tideim {chop, Dex+4}
 45258 | Depths:1 | Identified the cursed +1 leather armour of Ruareng {Int+3
                  | Stlth+}
 45776 | Depths:1 | Found a gateway to Hell.
 46133 | Depths:2 | Reached XP level 22. HP: 191/191 MP: 44/45
 46856 | Depths:2 | Noticed Boris
 46861 | Depths:2 | Killed Boris
 47710 | Depths:2 | Learned a level 4 spell: Yara's Violent Unravelling
 48344 | Depths:3 | Noticed Boris
 48351 | Depths:3 | Killed Boris
 48364 | Depths:3 | Reached XP level 23. HP: 192/199 MP: 22/49
 48576 | Depths:3 | Identified the Reference Book on Stones
 48650 | Depths:3 | Learned a level 8 spell: Necromutation
 48756 | Depths:3 | Found a one-way gate leading to the halls of Pandemonium.
 49230 | Depths:4 | Noticed Xtahua
 49240 | Depths:4 | Killed Xtahua
 49511 | Depths:4 | Found a gateway to a ziggurat.
 49588 | Depths:4 | Noticed Mara
 49592 | Depths:4 | Noticed Grijm's illusion
 49595 | Depths:4 | Killed Mara
 49827 | Depths:4 | Noticed a Killer Klown
 49830 | Depths:4 | Killed a Killer Klown
 50474 | Depths:5 | Entered Level 5 of the Depths
 50578 | Depths:5 | Noticed Sojobo
 50585 | Depths:5 | Killed Sojobo
 51006 | Depths:5 | Reached XP level 24. HP: 206/206 MP: 44/51
 51074 | Zig:1    | Entered Level 1 of a ziggurat
 51131 | Pan      | Entered Pandemonium
 51744 | Pan      | Noticed Galogoc the pandemonium lord
 52362 | Pan      | Killed Galogoc the pandemonium lord
 52607 | Pan      | Got a demonic rune of Zot
 52652 | Depths:4 | Escaped Pandemonium
 52654 | Pan      | Entered Pandemonium
 52665 | Pan      | Noticed Nuig the pandemonium lord
 52672 | Pan      | Killed Nuig the pandemonium lord
 52797 | Pan      | Entered the realm of Gloorx Vloq.
 53101 | Pan      | Noticed Gloorx Vloq
 54166 | Pan      | Killed Gloorx Vloq
 54167 | Pan      | Reached XP level 25. HP: 104/213 MP: 26/53
 54282 | Pan      | Got a dark rune of Zot
 54332 | Pan      | Entered the realm of Lom Lobon.
 55551 | Pan      | Reached skill level 27 in Spellcasting
 55571 | Pan      | Reached skill level 1 in Necromancy
 55788 | Pan      | Noticed Lom Lobon
 55830 | Pan      | Killed Lom Lobon
 55937 | Pan      | Got a magical rune of Zot
 56474 | Pan      | Reached skill level 5 in Necromancy
 56948 | Pan      | Entered the realm of Cerebov.
 57087 | Pan      | Identified the ring "Wonwiera" {Wiz rPois Stlth+}
 57123 | Pan      | Reached skill level 10 in Transmutations
 57205 | Pan      | Reached XP level 26. HP: 190/221 MP: 29/54
 57425 | Pan      | Learned a level 9 spell: Shatter
 57539 | Pan      | Identified the +6 sword of Cerebov {flame}
 57539 | Pan      | Noticed Cerebov
 57554 | Pan      | Killed Cerebov
 57555 | Pan      | Reached skill level 10 in Necromancy
 58430 | Pan      | Identified the +4 halberd "Peam" {chop, rElec rN+ Str+4}
 58504 | Pan      | Got a fiery rune of Zot
 58607 | Pan      | Entered the realm of Mnoleg.
 58901 | Pan      | Noticed Mnoleg
 58902 | Pan      | Identified the +4 barding of Keeh {rC++}
 58913 | Pan      | Paralysed by a floating eye for 2 turns
 59944 | Pan      | Killed Mnoleg
 60018 | Pan      | Reached skill level 1 in Earth Magic
 60429 | Pan      | Got a glowing rune of Zot
 60487 | Pan      | Reached skill level 5 in Earth Magic
 60544 | Pan      | Noticed Xoas the pandemonium lord
 60610 | Pan      | Reached XP level 27. HP: 91/227 MP: 18/54
 60629 | Pan      | Noticed Korphajen the pandemonium lord
 60631 | Abyss:1  | Escaped into the Abyss
 60762 | Abyss:2  | Found a corrupted altar of Lugonu.
 60789 | Abyss:3  | Found a corrupted altar of Lugonu.
 60789 | Abyss:3  | Found a corrupted altar of Lugonu.
 60803 | Abyss:3  | Found a shimmering altar of Xom.
 60884 | Abyss:3  | Gained mutation: You are dopey. (Int -2) [a cacodemon]
 60938 | Abyss:3  | Reached skill level 10 in Earth Magic
 60993 | Abyss:3  | Learned a level 8 spell: Lehudib's Crystal Spear
 61136 | Depths:4 | Escaped the Abyss
 62117 | Depths:5 | Found a gate to the Realm of Zot.
 62429 | Vaults:3 | Entered Level 3 of the Vaults
 62454 | Vaults:3 | Reached skill level 15 in Earth Magic
 62455 | Vaults:3 | Identified the +3 morningstar of Fear {crush, rN++}
 62574 | Vaults:3 | Found Ekaj's Gadget Shop.
 62585 | Vaults:3 | Bought a wand of acid (7) for 256 gold pieces
 62585 | Vaults:3 | Bought a phantom mirror for 320 gold pieces
 62585 | Vaults:3 | Bought a phantom mirror for 320 gold pieces
 62585 | Vaults:3 | Bought a wand of iceblast (8) for 216 gold pieces
 62787 | Vaults:3 | Found Sac Hienamah's Antique Armour Boutique.
 62796 | Vaults:3 | Found Niaxkank's Distillery.
 62801 | Vaults:3 | Bought a potion of mutation for 80 gold pieces
 62801 | Vaults:3 | Bought a potion of heal wounds for 50 gold pieces
 62801 | Vaults:3 | Bought 2 potions of magic for 100 gold pieces
 62801 | Vaults:3 | Bought a potion of magic for 50 gold pieces
 62801 | Vaults:3 | Bought a potion of curing for 25 gold pieces
 62801 | Vaults:3 | Bought 2 potions of ambrosia for 80 gold pieces
 62801 | Vaults:3 | Bought a potion of resistance for 100 gold pieces
 63084 | Vaults:3 | Found Wosaewos's Distillery.
 63084 | Vaults:3 | Found Giceyw's Magic Scroll Shop.
 63091 | Vaults:3 | Bought a potion of agility for 60 gold pieces
 63091 | Vaults:3 | Bought a potion of brilliance for 60 gold pieces
 63091 | Vaults:3 | Bought a potion of invisibility for 120 gold pieces
 63091 | Vaults:3 | Bought a potion of haste for 150 gold pieces
 63091 | Vaults:3 | Bought a potion of haste for 150 gold pieces
 63091 | Vaults:3 | Bought a potion of agility for 60 gold pieces
 63091 | Vaults:3 | Bought a potion of invisibility for 120 gold pieces
 63109 | Vaults:3 | Bought a scroll of fear for 85 gold pieces
 63109 | Vaults:3 | Bought a scroll of teleportation for 51 gold pieces
 63116 | Vaults:3 | Found Kaewac's Food Boutique.
 63174 | Vaults:3 | Found Honeiw's Magic Scroll Shop.
 63179 | Vaults:3 | Bought a scroll of fear for 95 gold pieces
 63179 | Vaults:3 | Bought a scroll of immolation for 66 gold pieces
 63179 | Vaults:3 | Bought 2 scrolls of teleportation for 114 gold pieces
 63209 | Vaults:3 | Found Nioniq's Distillery.
 63214 | Vaults:3 | Bought a potion of mutation for 128 gold pieces
 63214 | Vaults:3 | Bought a potion of haste for 160 gold pieces
 63533 | Vaults:3 | Found Lach's Food Shoppe.
 63533 | Vaults:3 | Found Faadd's Magic Scroll Boutique.
 63544 | Vaults:3 | Found Xiunigep's Distillery.
 63545 | Vaults:3 | Bought a scroll of teleportation for 54 gold pieces
 63545 | Vaults:3 | Bought a scroll of teleportation for 54 gold pieces
 63545 | Vaults:3 | Bought a scroll of revelation for 72 gold pieces
 63545 | Vaults:3 | Bought a scroll of immolation for 63 gold pieces
 63545 | Vaults:3 | Bought a scroll of torment for 135 gold pieces
 63552 | Vaults:3 | Bought a potion of agility for 88 gold pieces
 63552 | Vaults:3 | Bought a potion of ambrosia for 88 gold pieces
 63552 | Vaults:3 | Bought a potion of magic for 110 gold pieces
 63552 | Vaults:3 | Bought a potion of haste for 220 gold pieces
 63552 | Vaults:3 | Bought a potion of haste for 220 gold pieces
 63552 | Vaults:3 | Bought a potion of agility for 88 gold pieces
 63743 | Vaults:3 | Got a silver rune of Zot
 63747 | Vaults:3 | Found Zebb's Distillery.
 63748 | Vaults:3 | Found Qutu's Jewellery Shoppe.
 63752 | Vaults:3 | Bought 2 potions of magic for 190 gold pieces
 63752 | Vaults:3 | Bought a potion of magic for 95 gold pieces
 63752 | Vaults:3 | Bought a potion of agility for 76 gold pieces
 63752 | Vaults:3 | Bought 2 potions of brilliance for 152 gold pieces
 63752 | Vaults:3 | Bought a potion of cancellation for 95 gold pieces
 63752 | Vaults:3 | Bought a potion of brilliance for 76 gold pieces
 63752 | Vaults:3 | Bought a potion of resistance for 190 gold pieces
 63752 | Vaults:3 | Bought a potion of heal wounds for 95 gold pieces
 64089 | Slime:1  | Entered Level 1 of the Pits of Slime
 64252 | Slime:1  | Found a viscous altar of Jiyva.
 64437 | Slime:5  | Entered Level 5 of the Pits of Slime
 64587 | Slime:5  | Noticed the Royal Jelly
 64592 | Slime:5  | Killed the Royal Jelly
 64913 | Slime:5  | Identified the Grimoire of Torrid Transmigration
 64926 | Slime:5  | Identified the cursed +1 hunting sling of Omylam {velocity,
                  | Str+3 Int+5}
 64931 | Slime:5  | Identified the cursed ring "Liumin" {Int+4 Stlth--}
 64946 | Slime:5  | Identified the +6 quarterstaff of Gehenna {elec, +Blink rF+
                  | Dex-4}
 64955 | Slime:5  | Got a slimy rune of Zot
 65398 | Depths:1 | Voluntarily entered the Abyss.
 65406 | Abyss:2  | Found a corrupted altar of Lugonu.
 65647 | Depths:1 | Escaped the Abyss
 65661 | Depths:1 | Voluntarily entered the Abyss.
 65715 | Abyss:3  | Identified the +4 chain mail of Tulips {Dex+4}
 65778 | Abyss:3  | Found a corrupted altar of Lugonu.
 65789 | Abyss:3  | Got an abyssal rune of Zot
 65804 | Depths:1 | Escaped the Abyss
 66188 | Zot:1    | Entered Level 1 of the Realm of Zot
 67080 | Zot:1    | Noticed an orb of fire
 67083 | Zot:1    | Killed an orb of fire
 70569 | Zot:4    | Reached skill level 27 in Earth Magic
 71098 | Zot:5    | Entered Level 5 of the Realm of Zot
 71685 | Zot:5    | Noticed an ancient lich
 71690 | Zot:5    | Killed an ancient lich
 71724 | Zot:5    | Learned a level 7 spell: Orb of Destruction
 71884 | Zot:5    | Noticed an orb of fire
 71888 | Zot:5    | Killed an orb of fire
 72240 | Zot:5    | Noticed an orb of fire
 72245 | Zot:5    | Killed an orb of fire
 72291 | Zot:5    | Noticed an orb of fire
 72295 | Zot:5    | Killed an orb of fire
 72539 | Zot:5    | Noticed an ancient lich
 72548 | Zot:5    | Killed an ancient lich
 72548 | Zot:5    | Noticed an orb of fire
 72553 | Zot:5    | Killed an orb of fire
 72725 | Zot:5    | Noticed an orb of fire
 72730 | Zot:5    | Killed an orb of fire
 72780 | Zot:5    | Noticed an orb of fire
 72785 | Zot:5    | Killed an orb of fire
 72881 | Zot:5    | Noticed an orb of fire
 72883 | Zot:5    | Killed an orb of fire
 73155 | Zot:5    | Noticed an orb of fire
 73158 | Zot:5    | Killed an orb of fire
 74049 | Hell     | Entered the Vestibule of Hell
 74049 | Hell     | Noticed Geryon
 74054 | Hell     | Killed Geryon
 74321 | Hell     | Found a gateway to the decaying netherworld of Tartarus.
 74447 | Hell     | Found a gateway to the Iron City of Dis.
 74497 | Hell     | Found a gateway to the freezing wastes of Cocytus.
 74711 | Hell     | Found a gateway to the ashen valley of Gehenna.
 74836 | Coc:1    | Entered Level 1 of Cocytus
 74913 | Coc:2    | Entered Level 2 of Cocytus
 75127 | Coc:2    | Noticed Antaeus
 75217 | Coc:2    | Killed Antaeus
 75239 | Coc:2    | Got an icy rune of Zot
 75467 | Tar:1    | Entered Level 1 of Tartarus
 75644 | Tar:1    | Noticed an ancient lich
 75647 | Tar:1    | Killed an ancient lich
 75671 | Tar:2    | Entered Level 2 of Tartarus
 75683 | Tar:2    | Reached skill level 27 in Fighting
 75867 | Tar:2    | Noticed Ereshkigal
 75900 | Tar:2    | Killed from afar by a Shadow Fiend

Skill      XL: |  1  2  3  4  5  6  7  8  9 10 11 12 13 14 15 16 17 18 19 20 21 22 23 24 25 26 27 |
---------------+----------------------------------------------------------------------------------+-----
Stealth        | 1 |  1.0
Fighting       | 4 6 10 12 13 15 27 | 27.0
Axes           | 4 5 6 |  6.0
Conjurations   | 1 4 6 8 10 12 15 16 17 | 17.0
Spellcasting   | 4 6 8 10 12 13 15 17 19 22 24 26 27 | 27.0
Dodging        | 3 4 5 |  5.0
Poison Magic   | 2 6 |  6.0
Maces & Flails | 3 4 |  4.5
Evocations     | 5 7 |  7.0
Charms         | 3 5 6 |  6.0
Transmutations | 6 10 13 | 13.0
Fire Magic     | 3 |  3.0
Shields        | 3 4 |  4.0
Air Magic      | 5 10 11 14 15 | 15.0
Ice Magic      | 5 11 14 15 | 15.0
Necromancy     | 9 13 | 13.0
Earth Magic    | 8 27 | 27.0

Action                   |  1- 3 |  4- 6 |  7- 9 | 10-12 | 13-15 | 16-18 | 19-21 | 22-24 | 25-27 || total
-------------------------+-------+-------+-------+-------+-------+-------+-------+-------+-------++-------
Melee: War axe           |   128 |    97 |       |       |       |       |       |       |       ||   225
       Tailslap          |     4 |    10 |    33 |    15 |    29 |     4 |       |     1 |    13 ||   109
       Flail             |       |    32 |   206 |   104 |       |       |       |       |       ||   342
       Whip              |       |       |       |    30 |   252 |    16 |       |       |       ||   298
       Staff             |       |       |       |       |     1 |     3 |       |     3 |    50 ||    57
       Morningstar       |       |       |       |       |       |     7 |       |       |       ||     7
       Hand axe          |       |       |       |       |       |       |       |       |    13 ||    13
 Fire: Hand crossbow     |       |       |       |    32 |     3 |       |       |       |       ||    35
Throw: Stone             |     4 |       |     7 |     3 |       |       |       |       |       ||    14
       Tomahawk          |       |       |       |       |     1 |       |     1 |     1 |       ||     3
 Cast: Sting             |       |    41 |    42 |   165 |   243 |       |       |       |       ||   491
       Throw Frost       |       |    17 |    27 |    14 |    67 |       |     3 |       |     4 ||   132
       Conjure Flame     |       |       |     3 |    15 |    20 |       |       |       |       ||    38
       Sticky Flame      |       |       |     7 |    79 |    71 |    11 |     3 |     1 |       ||   172
       Iskenderun's Batt |       |       |     2 |    47 |   119 |     1 |     7 |       |       ||   176
       Irradiate         |       |       |       |     5 |     2 |       |       |       |       ||     7
       Venom Bolt        |       |       |       |     3 |    16 |     5 |       |       |       ||    24
       Ignite Poison     |       |       |       |       |    28 |     5 |       |       |       ||    33
       Throw Icicle      |       |       |       |       |    30 |    88 |   121 |    13 |   154 ||   406
       Magic Dart        |       |       |       |       |   205 |     6 |    26 |       |     1 ||   238
       Conjure Ball Ligh |       |       |       |       |    81 |   275 |   191 |     6 |     8 ||   561
       Glaciate          |       |       |       |       |       |     5 |   114 |   295 |   725 ||  1139
       Iron Shot         |       |       |       |       |       |       |    25 |   109 |   214 ||   348
       Deflect Missiles  |       |       |       |       |       |       |     1 |       |     1 ||     2
       Necromutation     |       |       |       |       |       |       |       |       |     6 ||     6
       Lehudib's Crystal |       |       |       |       |       |       |       |       |   186 ||   186
       Shatter           |       |       |       |       |       |       |       |       |    84 ||    84
       Orb of Destructio |       |       |       |       |       |       |       |       |    52 ||    52
       Yara's Violent Un |       |       |       |       |       |       |       |       |     1 ||     1
 Abil: Breathe Noxious F |       |       |    17 |    16 |    29 |    12 |       |       |       ||    74
       Evoke Flight      |       |       |       |       |       |     1 |       |       |       ||     1
       End Transformatio |       |       |       |       |       |       |       |       |     6 ||     6
Evoke: Wand              |       |       |     9 |    12 |     1 |     2 |       |       |     6 ||    30
       Phantom mirror    |       |       |       |       |       |       |       |       |     2 ||     2
       Lightning rod     |       |       |       |       |       |       |       |       |     4 ||     4
       Phial of floods   |       |       |       |       |       |       |       |       |     2 ||     2
       Fan of gales      |       |       |       |       |       |       |       |       |     1 ||     1
       Lamp of fire      |       |       |       |       |       |       |       |       |     1 ||     1
  Use: Scroll            |     3 |     2 |       |     9 |    20 |     4 |    15 |     5 |    17 ||    75
       Potion            |       |       |     2 |     4 |       |     8 |     1 |     1 |    17 ||    33
 Stab: Sleeping          |     2 |       |       |       |       |     1 |       |       |       ||     3
       Confused          |       |       |     6 |     2 |     1 |       |       |       |       ||     9
       Paralysed         |       |       |    21 |     2 |       |       |       |       |       ||    23
  Eat: Chunk             |     4 |    12 |    21 |    33 |    62 |    25 |    37 |     8 |     2 ||   204
       Ration            |     1 |       |     2 |     5 |     6 |    11 |    12 |     7 |     8 ||    52
Armor: Skin              |    32 |    33 |    95 |   161 |   144 |    39 |     8 |    56 |   298 ||   866
Dodge: Dodged            |    86 |    79 |   152 |   219 |   294 |    66 |    34 |    51 |   241 ||  1222
       Deflected         |       |       |       |       |       |       |    14 |    28 |    80 ||   122
Block: Buckler           |       |       |       |       |    67 |    26 |    15 |    50 |   190 ||   348
       Reflection        |       |       |       |       |     7 |     5 |     9 |    16 |    20 ||    57
